 Dungeon Crawl Stone Soup version 0.23-a0-78-gc252fe1 (webtiles) character file.

22256 Amnesiac the Zephyrmancer (level 12, -10/74 HPs)
             Began as a Mummy Air Elementalist on Aug 10, 2018.
             Was a High Priest of Sif Muna.
             Killed by divine providence
             ... invoked by an orc priest
              (12 damage)
             ... on level 1 of the Orcish Mines.
             The game lasted 00:39:54 (16217 turns).

Amnesiac the Zephyrmancer (Mummy Air Elementalist) Turns: 16217, Time: 00:39:54

Health: -10/74     AC: 12    Str:  6    XL:     12   Next: 61%
Magic:  6/53       EV: 11    Int: 23    God:    Sif Muna [*****.]
Gold:   1260       SH:  5    Dex: 13    Spells: 23/38 levels left

rFire    . . .     SeeInvis .   a - staff of power
rCold    + + .     Gourm    .   r - +0 buckler
rNeg     + + +     Faith    +   m - +2 leather armour of the Well-Known Gods {rF+ rC+ Str-5 Int+4}
rPois    ∞         Spirit   .   o - +2 hat
rElec    .         Reflect  .   (no cloak)
rCorr    .         Harm     .   (no gloves)
MR       +....                  (no boots)
Stlth    ++........             c - amulet of faith
HPRegen  0.22/turn              j - ring of magical power
MPRegen  0.33/turn              s - +5 ring of protection

@: studying Shields, divine energy
A: no food or potions, fire vulnerability, cold resistance 1, negative energy
resistance 3, torment resistance, unbreathing
a: Stop Divine Energy, Channel Magic, Forget Spell, Renounce Religion


You were on level 1 of the Orcish Mines.
You worshipped Sif Muna.
Sif Muna was extremely pleased with you.
You were not hungry.

You visited 3 branches of the dungeon, and saw 14 of its levels.
You also visited: Bailey.

You collected 1260 gold pieces.

Inventory:

Hand Weapons
 b - a +2 scimitar of draining
 p - a +2 whip of electrocution
 v - a +2 dagger of venom
 C - a +0 great sword
Armour
 m - the +2 leather armour of the Well-Known Gods (worn) {rF+ rC+ Str-5 Int+4}
   (You found it on level 11 of the Dungeon)

   It affects your strength (-5).
   It affects your intelligence (+4).
   It protects you from fire.
   It protects you from cold.
 o - a +2 hat (worn)
 r - a +0 buckler (worn)
Magical Staves
 a - an uncursed staff of power (weapon)
 u - an uncursed staff of death
Jewellery
 c - an amulet of faith (around neck)
 j - a ring of magical power (left hand)
 k - an uncursed ring of wizardry
 s - a +5 ring of protection (right hand)
 w - an uncursed amulet of harm
 y - a cursed amulet of guardian spirit
Wands
 d - a wand of digging (21)
 f - a wand of flame (11)
 q - a wand of disintegration (19)
 t - a wand of acid (9)
 z - a wand of random effects (27)
Scrolls
 g - a scroll of identify {!r}
 h - 5 scrolls of teleportation {!r}
 i - a scroll of amnesia {!r}
 l - 3 scrolls of magic mapping {!r}
 n - 4 scrolls of fog {!r}
 x - a scroll of enchant armour {!r}
 A - a scroll of brand weapon {!r}
Books
 E - a manual of Shields
 F - a manual of Shields
Miscellaneous
 B - a phantom mirror


   Skills:
 - Level 1.5 Dodging
 - Level 1.5 Stealth
 - Level 4.0 Shields
 + Level 13.9 Spellcasting
 - Level 0.7 Conjurations
 * Level 14.0 Air Magic


You had 23 spell levels left.
You knew the following spells:

 Your Spells              Type           Power        Failure   Level  Hunger
a - Airstrike             Air            ######....   1%          4    N/A
b - Shock                 Conj/Air       ####         1%          1    N/A
d - Lightning Bolt        Conj/Air       ######....   8%          5    N/A
s - Conjure Flame         Conj/Fire      ###.....     16%         3    N/A
z - Swiftness             Chrm/Air       #####...     1%          2    N/A

Your spell library contained the following spells:

 Spells                   Type           Power        Failure   Level  Hunger
 Fireball                 Conj/Fire      ###.......   80%         5    N/A
 Bolt of Cold             Conj/Ice       ###.......   100%        6    N/A
 Confuse                  Hex            ###.....     19%         3    N/A
 Throw Flame              Conj/Fire      ###...       8%          2    N/A
 Freezing Cloud           Conj/Ice/Air   #####.....   77%         6    N/A
 Venom Bolt               Conj/Pois      ###.......   80%         5    N/A
 Bolt of Draining         Conj/Necr      ###.......   80%         5    N/A
 Fire Storm               Conj/Fire      ###.......   100%        9    N/A
 Iskenderun's Mystic Bla  Conj           ###.....     41%         4    N/A
 Sticky Flame             Conj/Fire      ###.....     45%         4    N/A
 Poison Arrow             Conj/Pois      ###.......   100%        6    N/A
 Sublimation of Blood     Necr           ###.......   9%          2    N/A
 Tukima's Dance           Hex            ###.....     19%         3    N/A
 Flame Tongue             Conj/Fire      ###..        4%          1    N/A
 Ignite Poison            Fire/Tmut/Pois ###.....     19%         3    N/A
 Ensorcelled Hibernation  Hex/Ice        ###...       9%          2    N/A
 Metabolic Englaciation   Hex/Ice        ###.......   86%         5    N/A
 Shatter                  Erth           ###.......   100%        9    N/A
 Static Discharge         Conj/Air       ######..     1%          3    N/A
 Corona                   Hex            ###....      6%          1    N/A
 Alistair's Intoxication  Tmut/Pois      ###.....     86%         5    N/A
 Conjure Ball Lightning   Conj/Air       ######....   41%         6    N/A
 Chain Lightning          Conj/Air       ######....   100%        8    N/A
 Petrify                  Tmut/Erth      ###.....     52%         4    N/A
 Orb of Destruction       Conj           ###.......   100%        7    N/A
 Tornado                  Air            ######....   100%        9    N/A
 Summon Hydra             Summ           ###.......   100%        7    N/A
 Inner Flame              Hex/Fire       ###.....     19%         3    N/A
 Iskenderun's Battlesphe  Conj/Chrm      ###.....     80%         5    N/A
 Fulminant Prism          Conj/Hex       ###.......   45%         4    N/A
 Dazzling Spray           Conj/Hex       ###...       16%         3    N/A
 Irradiate                Conj/Tmut      ###.......   80%         5    N/A
 Yara's Violent Unravell  Hex/Tmut       ###.......   86%         5    N/A
 Ignition                 Fire           ###.......   100%        8    N/A

Dungeon Overview and Level Annotations

Branches:
Dungeon (11/15)            Temple (1/1) D:6            Lair (0/6) D:10
    Orc (2/2) D:9             Elf (0/3) Orc:2

Altars:
Ashenzari
Cheibriados
Dithmenos
Elyvilon
Fedhas
Gozag
Hepliaklqana
Kikubaaqudgha
Makhleb
Nemelex Xobeh
Okawaru
Qazlal
Ru
Sif Muna
Trog
Uskayaw
Vehumet
Wu Jian
Xom
Yredelemnul
Zin
The Shining One

Annotations:
Orc:1 1 runed door


Innate Abilities, Weirdness & Mutations

You do not eat or drink.
Your flesh is vulnerable to fire.
You are immune to poison.
Your flesh is cold resistant. (rC+)
You are immune to negative energy. (rN+++)
You are immune to unholy pain and torment.
You can survive without breathing.


Message History

Aim: an orc knight, wielding a great sword and wearing a chain mail (almost dead)
The air twists around and strikes the orc knight!
The orc knight is almost dead.
Sif Muna grants you divine energy.
You briefly lose access to your magic!
The orc knight roars a battlecry!
The orc wizard goes into a battle-frenzy!
An orc high priest comes into view. It is wielding a short sword.
You regain access to your magic.
The orc wizard hits you but does no damage.
Casting: Airstrike (safe; 1% risk of failure)
Confirm with . or Enter, or press ? or * to list all spells.
Aiming: Airstrike (safe; 1% risk of failure)
Press: ? - help, Dir - move target cursor, f/p - orc knight
Aim: an orc knight, wielding a great sword and wearing a chain mail (almost dead)
The air twists around and strikes the orc knight!
You kill the orc knight!
Sif Muna accepts your kill.
Your Air Magic skill increases to level 14!
Sif Muna grants you divine energy.
You briefly lose access to your magic!
The orc wizard hits you with a dagger.
The orc high priest utters an invocation to Beogh.
The orc high priest hits you with a short sword.
The orc high priest mumbles some strange prayers.
The orc high priest hits you but does no damage.
You regain access to your magic.
The hellwing swoops through the air toward you!
The hellwing hits you!
The hellwing hits you but does no damage.
The hellwing hits you! You block the hellwing's attack.
The orc high priest hits you with a short sword.
The hellwing hits you.
* * * LOW HITPOINT WARNING * * *
The hellwing hits you but does no damage.
The hellwing hits you!
* * * LOW HITPOINT WARNING * * *
The hellwing closely misses you. The orc wizard casts a spell at you.
The puff of flame hits you!
* * * LOW HITPOINT WARNING * * *
There is a stone staircase leading up here.
The orc wizard no longer looks unusually strong.
The hellwing swoops through the air toward you!
The hellwing hits you but does no damage.
The hellwing hits you.
* * * LOW HITPOINT WARNING * * *
The orc high priest calls down the wrath of Beogh upon you.
Beogh smites you!
* * * LOW HITPOINT WARNING * * *
You climb upwards.
The orc warrior shouts!
An orc, an orc priest and an orc wizard come into view.
The orc shouts!
The orc priest shouts!
The orc wizard points at you and mumbles some strange words.
You resist with almost no effort. The orc warrior closely misses you.
The orc wizard gestures at you while chanting.
The puff of flame hits you!
* * * LOW HITPOINT WARNING * * *
Found 57 gold pieces.
Found a runed door.
There is a stone staircase leading down here.
Okay, then.
The orc priest mumbles some strange prayers to Beogh against you.
Beogh smites you!
You die...

... .....##...
...###.#......#.
.....#.#........
................
....o...........
#.........#.....
#....o#$.....
#o.o>@...#
#..#.....#..#
... ##.......# .
........#
#..$.....+
##.......#
........#
...#....#


You could see an orc warrior, an orc priest, an orc wizard and an orc.

Vanquished Creatures
  Snorg (Orc:2)
  An ettin (Orc:2)
  The ghost of conein the Thaumaturge, a journeyman HuCj of Vehumet (D:10)
  2 two-headed ogres
  An orc high priest (Orc:2)
  Pikel (D:7)
  6 orc knights
  The ghost of Nilihum the Chiller, a novice MfIE (D:7)
  3 orc sorcerers (Orc:2)
  Psyche (D:8)
  2 gargoyles
  A kobold demonologist (D:11)
  A komodo dragon (D:10)
  A hornet (D:9)
  2 trolls
  A meliai zombie (D:11)
  A hippogriff (D:11)
  6 yaks (D:11)
  2 hungry ghosts
  3 wargs (Orc:2)
  2 ice beasts
  A hornet zombie (D:10)
  31 orc warriors
  2 sky beasts
  2 black bears
  A necrophage (D:9)
  2 slaves (D:7)
  10 ogres
  9 centaurs
  21 big kobolds
  A wyvern zombie (D:11)
  2 gnoll sergeants
  2 bullfrogs
  3 scorpions
  14 killer bees
  4 wights (D:11)
  A howler monkey (D:6)
  3 electric eels (D:5)
  2 vampire bats (D:4)
  6 crimson imps
  A centaur zombie (D:11)
  2 bullfrog zombies
  5 hounds
  11 orc wizards
  10 orc priests
  A jelly (D:9)
  A centaur skeleton (D:8)
  5 worker ants
  3 hound skeletons
  A howler monkey zombie (D:6)
  A howler monkey skeleton (D:5)
  15 gnolls
  14 adders
  4 shadow imps
  3 oozes
  An adder skeleton (D:6)
  2 worms
  2 dart slugs
  6 leopard geckos
  73 orcs
  A ball python (D:5)
  5 bats
  2 bat skeletons (D:4)
  4 bat zombies (D:4)
  7 giant cockroaches
  8 goblins
  9 hobgoblins
  A quokka (D:9)
  3 frilled lizards
  A jackal zombie (D:5)
  20 kobolds
  A leopard gecko skeleton (D:5)
  A leopard gecko zombie (D:5)
  6 rats
387 creatures vanquished.

Vanquished Creatures (others)
  2 slaves (D:7)
  A plant (D:5)
3 creatures vanquished.

Grand Total: 390 creatures vanquished

Notes
Turn   | Place    | Note
-------+----------+-------------------------------------------
     0 | D:1      | Amnesiac the Mummy Air Elementalist began the quest for the Orb.
     0 | D:1      | Reached XP level 1. HP: 13/13 MP: 4/4
   221 | D:3      | Found a sparkling altar of Nemelex Xobeh.
   232 | D:3      | Reached XP level 2. HP: 19/19 MP: 5/5
   236 | D:3      | Learned a level 2 spell: Swiftness
   393 | D:3      | Reached skill level 3 in Air Magic
   521 | D:5      | Entered Level 5 of the Dungeon
   521 | D:5      | Noticed a scorpion
   521 | D:5      | Noticed a crimson imp
   558 | D:4      | Reached XP level 3. HP: 11/24 MP: 5/7
   861 | D:4      | Reached XP level 4. HP: 23/30 MP: 3/9
  1209 | D:5      | Noticed an ogre
  1296 | D:5      | Reached skill level 4 in Air Magic
  1302 | D:5      | Found a glowing silver altar of Zin.
  1321 | D:5      | Found a transporter.
  1339 | D:5      | Found a transporter.
  1372 | D:5      | Reached XP level 5. HP: 26/35 MP: 9/11
  1404 | D:5      | Learned a level 4 spell: Airstrike
  1921 | D:5      | Reached XP level 6. HP: 30/41 MP: 13/13
  2086 | D:4      | Reached skill level 5 in Air Magic
  2229 | D:4      | Learned a level 1 spell: Shock
  2233 | D:4      | Reached skill level 5 in Spellcasting
  2788 | D:5      | Reached XP level 7. HP: 36/46 MP: 6/15
  3366 | D:6      | Reached skill level 6 in Air Magic
  3388 | D:6      | Found an opulent altar of Gozag.
  3418 | D:6      | Found a staircase to the Ecumenical Temple.
  3427 | Temple   | Entered the Ecumenical Temple
  3791 | Temple   | Became a worshipper of Sif Muna the Loreminder
  5016 | D:2      | Found an iron altar of Okawaru.
  5016 | D:2      | Found a shadowy altar of Dithmenos.
  5792 | D:4      | Found an ancient bone altar of Kikubaaqudgha.
  5878 | D:5      | Reached * piety under Sif Muna
  5878 | D:5      | Reached XP level 8. HP: 52/52 MP: 13/18
  5976 | D:6      | Found a hazy altar of Hepliaklqana.
  6125 | D:6      | Reached skill level 7 in Air Magic
  6815 | D:7      | Reached ** piety under Sif Muna
  6912 | D:7      | Noticed Pikel
  6945 | D:7      | Killed Pikel
  6945 | D:7      | Reached skill level 8 in Air Magic
  7122 | D:7      | Reached XP level 9. HP: 54/57 MP: 17/21
  7129 | D:7      | Learned a level 5 spell: Lightning Bolt
  7192 | D:7      | Found a radiant altar of Vehumet.
  7289 | D:8      | Found a runed door.
  7289 | D:8      | Noticed Nilihum's ghost (novice MfIE)
  7333 | D:7      | Killed Nilihum's ghost
  7333 | D:7      | Reached *** piety under Sif Muna
  7333 | D:7      | Reached skill level 9 in Air Magic
  7760 | D:8      | Noticed Psyche
  7769 | D:8      | Killed Psyche
  7882 | D:8      | Reached **** piety under Sif Muna
  7882 | D:8      | Reached skill level 10 in Air Magic
  7949 | D:8      | Reached skill level 10 in Spellcasting
  7960 | D:8      | Found a sacrificial altar of Ru.
  8712 | D:9      | Found a hide-covered altar of Uskayaw.
  8731 | D:9      | Reached XP level 10. HP: 63/63 MP: 3/24
  8858 | D:9      | Found a shimmering altar of Xom.
  9057 | D:9      | Reached ***** piety under Sif Muna
  9225 | D:9      | Received a gift from Sif Muna
  9544 | D:9      | Found a staircase to the Orcish Mines.
  9625 | D:9      | Reached skill level 11 in Air Magic
  9652 | D:10     | Entered Level 10 of the Dungeon
  9743 | D:10     | Noticed conein's ghost (journeyman HuCj)
  9744 | D:10     | Found a transporter.
  9744 | D:10     | Noticed a two-headed ogre
  9786 | D:10     | Noticed a gargoyle
  9963 | D:10     | Killed a gargoyle
 10104 | D:10     | Found a glowing golden altar of the Shining One.
 10277 | D:10     | Found a transporter.
 10313 | D:10     | Found a staircase to the Lair.
 10319 | D:10     | Reached skill level 1 in Shields
 10411 | D:10     | Killed a two-headed ogre
 10437 | D:10     | Killed conein's ghost
 10437 | D:10     | Reached XP level 11. HP: 58/68 MP: 14/26
 10513 | D:11     | Identified Sif Muna's Incunabulum of Harmful Hexes (Sif Muna gifted it to you on level 11 of the Dungeon)
 10513 | D:11     | Received a gift from Sif Muna
 10790 | D:11     | Got a distressingly furry leather armour
 10878 | D:11     | Found a flagged portal.
 10897 | D:11     | Reached skill level 12 in Air Magic
 11136 | Bailey   | Identified a paperback manual
 11136 | Bailey   | Entered a bailey
 12173 | Bailey   | Learned a level 3 spell: Conjure Flame
 12214 | Bailey   | Found a roughly hewn altar of Beogh.
 12214 | Bailey   | Noticed an orc knight
 12322 | Bailey   | Killed an orc knight
 12439 | Bailey   | Identified the +2 leather armour of the Well-Known Gods {rF+ rC+ Str-5 Int+4} (You found it on level 11 of the Dungeon)
 12753 | D:11     | Identified Sif Muna's Almanac of Companions and Attacks (Sif Muna gifted it to you on level 11 of the Dungeon)
 12753 | D:11     | Received a gift from Sif Muna
 13259 | Orc:1    | Entered Level 1 of the Orcish Mines
 13461 | Orc:2    | Entered Level 2 of the Orcish Mines
 13966 | Orc:2    | Noticed an ettin
 13966 | Orc:2    | Noticed an orc knight
 13986 | Orc:2    | Killed an ettin
 13986 | Orc:2    | Reached skill level 13 in Air Magic
 13986 | Orc:2    | Reached XP level 12. HP: 50/74 MP: 21/29
 14611 | Orc:2    | Noticed Snorg
 14641 | Orc:2    | Killed Snorg
 14740 | Orc:2    | Found a staircase to the Elven Halls.
 14880 | Orc:2    | Noticed an orc high priest
 14896 | Orc:2    | Killed an orc high priest
 14911 | Orc:2    | Noticed a two-headed ogre
 14917 | Orc:2    | Paralysed by an orc sorcerer for 4 turns
 15467 | Orc:2    | Identified Sif Muna's Papyrus of Attacks (Sif Muna gifted it to you on level 2 of the Orcish Mines)
 15467 | Orc:2    | Received a gift from Sif Muna
 15683 | Orc:2    | Killed a two-headed ogre
 16200 | Orc:2    | Noticed an orc high priest
 16202 | Orc:2    | Reached skill level 14 in Air Magic
 16216 | Orc:1    | Found a runed door.
 16216 | Orc:1    | HP: 2/74 [orc wizard/puff of flame (8)]
 16217 | Orc:1    | Killed from afar by an orc priest

Vault maps used:
D:1:      minmay_arrival_pointy
D:2:      gammafunk_temple_overflow_statue
D:3:      old_standard_altar
D:4:      kennysheep_vampire_church, kennysheep_small_square
D:5:      gammafunk_steamed_eel, lemuel_coloured_pillars_altar, first_ration
D:6:      lemuel_doored_altar, old_standard_altar, minmay_temple_entry_crystal_x
D:7:      kennysheep_little_box, minmay_liquid_box, grunt_ogre_cave, uniq_pikel
D:8:      lemuel_crystal_altar, hellmonk_ghost_happy_afterlife, centaur_isle,
          uniq_psyche
D:9:      kennysheep_mini, david_orc_4, basic_altar
D:10:     david_lair_shrubbed, gammafunk_ghost_smash, tso_metal_star
D:11:     enter_bailey_2
Temple:   minmay_temple_forest_path
Orc:1:    basic_altar, chequers_guarded_unrand_ignorance
Orc:2:    st_orc_elflike, uniq_snorg
Bailey:   bailey_polearm_2, bailey

Skill      XL: |  1  2  3  4  5  6  7  8  9 10 11 12 |
---------------+-------------------------------------+-----
Air Magic      | 3 4 5 6 8 10 11 13 14 | 14.0
Spellcasting   | 3 4 5 6 8 10 11 13 | 13.9
Shields        | 2 4 |  4.0
Dodging        | |  1.5
Stealth        | |  1.5
Conjurations   | |  0.7

Action                   |  1- 3 |  4- 6 |  7- 9 | 10-12 || total
-------------------------+-------+-------+-------+-------++-------
Melee: Unarmed           |     9 |       |       |       ||     9
       Dagger            |    28 |   113 |    46 |       ||   187
       Great sword       |       |       |    12 |    13 ||    25
       Scimitar          |       |       |       |    50 ||    50
       Staff             |       |       |       |     6 ||     6
 Cast: Shock             |    21 |    47 |     6 |     1 ||    75
       Swiftness         |     2 |       |       |     7 ||     9
       Airstrike         |       |       |   182 |   547 ||   729
       Lightning Bolt    |       |       |       |    20 ||    20
       Conjure Flame     |       |       |       |     5 ||     5
Invok: Divine Energy     |       |       |     1 |       ||     1
Evoke: Wand              |       |     7 |       |       ||     7
  Use: Scroll            |     2 |     2 |     4 |    11 ||    19
 Stab: Distracted        |       |       |     1 |       ||     1
Armor: Robe              |     6 |       |    18 |    62 ||    86
       Ring mail         |     9 |    76 |    15 |       ||   100
       Leather armour    |       |       |       |    43 ||    43
Dodge: Dodged            |    31 |    64 |    65 |   182 ||   342
Block: Buckler           |       |       |       |    36 ||    36
       Rpst.: Great sword |       |       |     3 |    11 ||    14
       Scimitar          |       |       |       |    14 ||    14

Table legend:
 A = Non-vault XP
 B = Vault XP
 C = Vault XP percentage of total XP
 D = Non-vault monster count
 E = Vault monster count
 F = Vault count percentage of total count
 G = Total turns spent on level
                 A         B        C        D         E       F
            +---------+---------+-------+---------+---------+-------
      Total |   15299 |   16496 |  51.9 |     275 |     110 |  28.6
            +---------+---------+-------+---------+---------+-------
        D:1 |      65 |       0 |   0.0 |      29 |       0 |   0.0
        D:2 |      64 |       0 |   0.0 |      18 |       0 |   0.0
        D:3 |      11 |       0 |   0.0 |       5 |       0 |   0.0
        D:4 |     280 |     164 |  36.9 |      20 |       9 |  31.0
        D:5 |     445 |     163 |  26.8 |      15 |       3 |  16.7
        D:6 |     636 |       0 |   0.0 |      15 |       0 |   0.0
        D:7 |     304 |    1265 |  80.6 |       6 |       3 |  33.3
        D:8 |     792 |    1090 |  57.9 |      20 |       7 |  25.9
        D:9 |    1726 |     692 |  28.6 |      35 |      17 |  32.7
       D:10 |    1672 |    2352 |  58.4 |      17 |       5 |  22.7
       D:11 |    3474 |    2246 |  39.3 |      36 |      24 |  40.0
     Temple |      50 |       0 |   0.0 |       1 |       0 |   0.0
      Orc:1 |    1105 |     749 |  40.4 |      26 |       2 |   7.1
      Orc:2 |    4675 |    5445 |  53.8 |      32 |      14 |  30.4
     Bailey |       0 |    2330 | 100.0 |       0 |      26 | 100.0
            +---------+---------+-------+---------+---------+-------
